 Dungeon Crawl Stone Soup version 0.29-a0-221-gceb61267dd (webtiles) character file.

Game seed: 13180970123787697943

236 bande the Skirmisher (level 6, -16/39 HPs)
             Began as a Gargoyle Fighter on Feb 27, 2022.
             Demolished by a two-headed ogre
             ... wielding a +0 giant spiked club
              (22 damage)
             ... on level 4 of the Dungeon.
             The game lasted 00:05:11 (4187 turns).

bande the Skirmisher (Gargoyle Fighter)             Turns: 4187, Time: 00:05:11

Health: -16/39     AC: 18    Str: 19    XL:     6   Next: 6%
Magic:  6/6        EV:  9    Int:  9    God:
Gold:   242        SH:  4    Dex: 11    Spells: 5/5 levels left

rFire   . . .      SeeInvis .   a - +0 war axe
rCold   + . .      Faith    .   c - +0 buckler
rNeg    + . .      Spirit   .   h - +7 Kryia's mail coat {PotionHeal*2 rC+}
rPois   ∞          Reflect  .   (no helmet)
rElec   +          Harm     .   (no cloak)
rCorr   .          Rampage  .   (no gloves)
Will    +....                   (no boots)
Stlth   ..........              (no amulet)
HPRegen 0.13/turn               f - ring of willpower
MPRegen 0.10/turn               (no ring)

@: no status effects
A: sickness immunity, AC +4, negative energy resistance 1, electricity
resistance, torment resistance 1, petrification resistance
a: no special abilities


You were on level 4 of the Dungeon.
You visited 1 branch of the dungeon, and saw 4 of its levels.

You collected 242 gold pieces.

Inventory:

Hand Weapons
 a - a +0 war axe (weapon)
Armour
 c - a +0 buckler (worn)
 h - the +7 Kryia's mail coat (worn) {PotionHeal*2 rC+}
   (You found it on level 2 of the Dungeon)

   Potions are twice as effective at healing its wearer.
   rC:        It protects you from cold.
Jewellery
 f - a ring of willpower (left hand)
 j - a ring of fire
Scrolls
 b - a scroll of teleportation
 e - 4 scrolls of identify
Potions
 d - 2 potions of might
 g - a potion of brilliance
 i - 2 potions of heal wounds


   Skills:
 + Level 4.3 Fighting
 + Level 4.0 Axes
 + Level 4.3 Armour
 + Level 4.0 Shields


You had 5 spell levels left.
You didn't know any spells.
Your spell library contained the following spells:

 Spells                   Type           Power      Damage    Failure   Level
 Magic Dart               Conj           0%         1d3       83%         1
 Call Imp                 Summ           0%         N/A       93%         2
 Mephitic Cloud           Conj/Pois/Air  0%         N/A       99%         3


Dungeon Overview and Level Annotations

Branches:
Dungeon (4/15)
 Temple: D:4-7

Altars:


Innate Abilities, Weirdness & Mutations

You are immune to sickness and miasma.
Your stone body is resilient. (AC +4)
You are immune to poison.
You resist negative energy. (rN+)
You are resistant to electric shocks. (rElec)
You are resistant to unholy torment.
You are immune to petrification.


Message History

You hit the water moccasin.
The water moccasin is almost dead.
The water moccasin bites you but does no damage.
The water moccasin bites you.
* * * LOW HITPOINT WARNING * * *
You closely miss the water moccasin.
The water moccasin is almost dead.
The water moccasin bites you but does no damage.
The water moccasin bites you.
* * * LOW HITPOINT WARNING * * *
You hit the water moccasin.
You kill the water moccasin!
Your Axes skill increases to level 4!
Your Shields skill increases to level 4!
You have reached level 6!
You start resting.
HP restored.
You start waiting.
Done waiting.
You start waiting.
Done waiting.
There is a stone staircase leading down here.
You climb downwards.
The two-headed ogre hits you with a +0 giant spiked club!
The two-headed ogre hits you but does no damage.
There is a stone staircase leading up here.
You closely miss the two-headed ogre.
The two-headed ogre hits you with a +0 giant spiked club!
You block the two-headed ogre's attack.
You hit the two-headed ogre but do no damage.
The two-headed ogre hits you with a +0 giant spiked club.
You block the two-headed ogre's attack.
You barely miss the two-headed ogre. The two-headed ogre closely misses you.
The two-headed ogre hits you with a +0 giant spiked club!
* * * LOW HITPOINT WARNING * * *
You slash the two-headed ogre!
The two-headed ogre is lightly wounded.
The two-headed ogre hits you with a +0 giant spiked club!!
Ouch! That really hurt!
You die...

... #.......# #... ###### #.#
##.###### #### .....# #.# #.#
####.###.## ##'## .# #.##...##
##...## .###.#.....## ##.....##
### .K##........######.......##
##.#
##O#......................####...
#.........K....@.........+.[....
#.###.......###.O........####...
..## ##.......##.#.......## ##..
### ##..###.##.##.....## ##. #
##.# .##.###...## #. #.#
.##.####+#### #. #..
....##.)....# #. ####
.#####.#<##.#######.
#.#.#........#.


You could see a two-headed ogre and a kobold.

Vanquished Creatures
  A water moccasin (D:3)
  An iguana (D:4)
  2 adders
  A gnoll (D:1)
  2 worms
  A dart slug (D:2)
  8 ball pythons
  8 endoplasms
  3 giant cockroaches
  2 goblins
  8 hobgoblins
  4 jackals (D:2)
  5 kobolds
  A quokka (D:3)
  6 bats
  A frilled lizard (D:2)
  2 rats
56 creatures vanquished.

Notes
Turn   | Place    | Note
-------+----------+-------------------------------------------
     0 | D:1      | bande the Gargoyle Fighter began the quest for the Orb.
     0 | D:1      | Reached XP level 1. HP: 14/14 MP: 1/1
   299 | D:1      | Reached XP level 2. HP: 13/19 MP: 2/2
  1280 | D:2      | Found the +7 Kryia's mail coat {PotionHeal*2 rC+}
  1292 | D:2      | Reached XP level 3. HP: 24/24 MP: 3/3
  2249 | D:2      | Reached XP level 4. HP: 27/29 MP: 4/4
  2582 | D:3      | Identified the +5 rapier "Tuiret" {vorpal, rElec rCorr}
  3167 | D:3      | Found a faded altar of an unknown god.
  3583 | D:4      | Reached XP level 5. HP: 33/33 MP: 5/5
  3638 | D:4      | Noticed a water moccasin
  3638 | D:4      | Noticed a two-headed ogre
  3706 | D:3      | Killed a water moccasin
  3707 | D:3      | Reached XP level 6. HP: 3/39 MP: 6/6
  4187 | D:4      | Demolished by a two-headed ogre

Illustrated notes

Levels and vault maps discovered:
D:1:      dpeg_arrival_water_fire, layout_basic, minmay_shallow_snake_nest
D:2:      minmay_diamond_boxcup, layout_rooms, chequers_mini_garden,
          amcnicky_mini_pool_small
D:3:      minmay_door_path, layout_basic,
          shapermc_ecumenical_altar_mp_highgroup, item_on_display_a
D:4:      layout_loops_corners, minmay_manual_moon

Skill      XL: |  1  2  3  4  5 |
---------------+----------------+-----
Axes           | 2 3 4 |  4.0
Armour         | 4 |  4.3
Fighting       | 4 |  4.3
Shields        | 4 |  4.0

Action                   |  1- 3 |  4- 6 || total
-------------------------+-------+-------++-------
Melee: War axe           |    97 |    74 ||   171
  Use: Scroll            |     5 |     1 ||     6
Armor: Scale mail        |    56 |    54 ||   110
Dodge: Dodged            |    65 |    46 ||   111
Block: Buckler           |    33 |    18 ||    51

Table legend: (Time is in decaauts)
 A = Elapsed time spent in this place.
 B = Non-inter-level travel time spent in this place.
 C = Inter-level travel time spent in this place.
 D = Time resting spent in this place.
 E = Time spent auto-exploring this place.
 F = Levels seen in this place.
 G = Mean time per level.
                   A        B        C        D        E       F      G
               +--------+--------+--------+--------+--------+-----+--------+
         Total |   4258 |   4228 |     30 |   1343 |   2345 |   4 | 1064.5 |
       Dungeon |   4258 |   4228 |     30 |   1343 |   2345 |   4 | 1064.5 |
               +--------+--------+--------+--------+--------+-----+--------+

Top non-repeatable levels by time:
     D:3: 1573 daAuts
     D:1: 1291 daAuts
     D:2: 1103 daAuts
     D:4: 289 daAuts
